Map: 궤도 조선소

Players

Healer - Winner!

  • Race: Terran Terran
  • League: Master

TOP

  • Race: Terran Terran

Event: Gauntlet LotV Series 1 Qualifier 2

VOD

Have the link to the VOD?

Description

Time

  • Played on: Dec. 5, 2015, 1:59 p.m.
  • Length: 20:13

All games in this series

Show
View Real Time Build Order
Export as new Build Order

Healer Terran - Winner!

Build Orders: Reaper Expand 

Get SALT Encoding   

  12  0:01  SCV  
  13  0:13  SCV  
  14  0:17  Supply Depot  
  14  0:25  SCV  
  15  0:39  SCV  
  15  0:42  Barracks  
  16  0:45  Refinery  
  16  0:51  SCV  
  17  1:03  SCV  
  18  1:15  SCV  
  19  1:29  Orbital Command  
  19  1:30  Reaper  
  20  1:39  Command Center  
  20  1:44  Refinery  
  20  1:51  Supply Depot  
  20  1:55  SCV  
  21  2:02  Reaper  
  21  2:07  SCV  
  23  2:18  Factory  
  23  2:19  SCV  
  24  2:31  SCV  
  24  2:34  Reaper  
  26  2:43  SCV  
  27  2:51  Orbital Command  
  27  2:55  SCV  
  28  3:02  Hellion  
  28  3:03  Starport  
  30  3:06  Reaper  
  30  3:10  SCV  
  31  3:18  SCV  
  32  3:24  SCV, Hellion  
  35  3:31  SCV  
  36  3:37  SCV  
  36  3:38  Reaper  
  36  3:40  Viking  
  40  3:43  Supply Depot, SCV  
  40  3:45  Hellion  
  43  3:49  SCV  
  44  3:55  SCV  
  44  4:01  SCV  
  46  4:06  Supply Depot  
  46  4:08  SCV, Factory Tech Lab  
  47  4:10  Starport Tech Lab  
  47  4:12  Barracks Reactor  
  47  4:13  SCV  
  48  4:20  SCV, Supply Depot  
  49  4:25  Engineering Bay  
  49  4:26  SCV  
  49  4:28  Cyclone  
  53  4:32  SCV  
  53  4:34  Command Center  
  53  4:38  SCV  
  55  4:41  Raven  
  55  4:44  SCV  
  58  4:49  Marine x2  
  58  4:50  SCV  
  61  4:53  Missile Turret  
  61  4:55  Missile Turret  
  61  4:56  SCV, Missile Turret  
  62  5:01  Missile Turret  
  62  5:02  SCV  
  63  5:08  SCV  
  64  5:14  SCV  
  64  5:16  Infernal Pre-Igniter  
  64  5:17  Hellion  
  64  5:20  SCV, Refinery x2  
  64  5:21  Supply Depot  
  68  5:26  SCV  
  69  5:32  SCV, Factory  
  70  5:37  Supply Depot  
  71  5:42  SCV  
  71  5:44  SCV  
  71  5:45  Supply Depot  
  73  5:54  Orbital Command  
  73  5:55  SCV, Factory  
  73  5:56  SCV  
  74  6:01  Banshee  
  76  6:06  Hellion  
  76  6:07  SCV  
  76  6:09  SCV, Supply Depot  
  80  6:13  Refinery  
  80  6:17  Supply Depot  
  80  6:18  Barracks Reactor, Hellion x2, Orbital Command  
  84  6:19  SCV, Factory, Refinery  
  84  6:21  SCV  
  86  6:27  Hellion  
  86  6:31  SCV, Supply Depot  
  89  6:33  SCV  
  89  6:39  Hellion x2  
  94  6:43  Cloaking Field  
  94  6:44  Banshee  
  97  6:50  SCV x3  
  98  7:01  Cyclone, Mag-Field Accelerator  
  98  7:02  SCV x2  
  98  7:03  Factory Tech Lab  
  98  7:06  SCV  
  104  7:13  Missile Turret  
  104  7:14  SCV  
  104  7:15  SCV, Hi-Sec Auto Tracking  
  106  7:16  Missile Turret  
  106  7:17  Missile Turret  
  106  7:18  SCV  
  107  7:24  Hellion x4  
  107  7:26  SCV  
  107  7:27  SCV, Banshee  
  120  7:30  SCV, Starport  
  120  7:33  Barracks Reactor  
  120  7:35  Missile Turret  
  121  7:39  SCV  
  121  7:40  SCV  
  121  7:41  Missile Turret  
  121  7:42  Missile Turret  
  124  7:48  Missile Turret  
  124  7:49  Missile Turret  
  124  7:50  Supply Depot x3, Hellion x2  
  128  7:52  Factory  
  128  7:55  Cyclone x2  
  133  8:03  Missile Turret  
  132  8:08  Missile Turret  
  132  8:14  Banshee  
  132  8:18  Hellion x4  
  143  8:23  Missile Turret  
  143  8:27  Cyclone, Viking x2, Missile Turret  
  143  8:28  Hellion  
  152  8:39  Factory Tech Lab  
  152  8:41  Supply Depot  
  152  8:42  Missile Turret  
  152  8:46  Missile Turret x2  
  152  8:49  Missile Turret  
  152  8:55  Cyclone, Sensor Tower  
  155  8:56  Hellion  
  157  9:03  Hellion, Viking x2  
  157  9:05  Supply Depot  
  157  9:06  Missile Turret  
  157  9:07  Supply Depot  
  163  9:13  Supply Depot  
  165  9:17  Hellion  
  165  9:21  Missile Turret  
  165  9:26  Cyclone  
  165  9:27  Hellion x2  
  165  9:28  Banshee, Cyclone, Hellion, Missile Turret  
  180  9:32  Supply Depot  
  180  9:35  Missile Turret  
  180  9:37  Viking  
  180  9:38  Viking  
  184  9:39  Cyclone  
  184  9:40  Hellion  
  189  9:47  Armory  
  189  9:51  Armory  
  189  9:54  Hellion x3  
  195  10:01  Hellion  
  195  10:04  Supply Depot  
  197  10:14  Command Center  
  195  10:25  Viking  
  200  10:29  Banshee  
  200  10:33  Missile Turret  
  200  10:38  Terran Vehicle Weapons Level 1  
  200  10:39  Terran Vehicle And Ship Armor Level 1  
  200  10:51  Command Center  
  200  10:57  Factory, Starport  
  200  10:59  Factory  
  106  11:18  Siege Tank x2  
  106  11:19  Hellion x4, Siege Tank  
  123  11:30  Viking x2  
  123  11:31  Banshee  
  130  11:36  Building Armor  
  128  11:40  Hellion  
  128  11:41  Hellion x3  
  134  11:48  Starport Tech Lab  
  134  11:51  Hellion, Siege Tank x2  
  134  11:53  Factory Tech Lab x2  
  140  12:02  Hellion  
  140  12:06  Hellion  
  143  12:09  Raven  
  143  12:12  Siege Tank  
  135  12:21  Viking x2  
  128  12:23  Viking, Siege Tank  
  128  12:25  Hellion  
  133  12:35  Hellion x2  
  137  12:51  Viking  
  139  12:55  Viking x3  
  139  12:56  Hellion, Siege Tank  
  150  13:09  Siege Tank  
  150  13:10  Hellion x3  
  156  13:14  Hellion x8  
  158  13:20  Siege Tank, Hellbat  
  158  13:23  Planetary Fortress  
  158  13:27  Viking  
  154  13:30  Missile Turret  
  154  13:31  Refinery  
  154  13:32  Refinery  
  154  13:39  Terran Vehicle Weapons Level 2, Terran Vehicle And Ship Armor Level 2  
  162  13:48  Hellion x5  
  163  14:05  Viking x4  
  171  14:22  Missile Turret  
  171  14:23  Missile Turret  
  171  14:25  Missile Turret  
  171  14:26  Siege Tank  
  174  14:31  Hellion  
  174  14:35  Viking x2, Siege Tank  
  183  14:47  Viking  
  185  15:00  Siege Tank x2  
  185  15:04  Hellion  
  179  15:16  Siege Tank  
  179  15:17  Hellbat  
  179  15:21  Viking  
  184  15:27  Hellion  
  184  15:36  Siege Tank  
  184  15:42  Viking  
  183  16:03  Siege Tank  
  183  16:04  Siege Tank x2  
  190  16:10  Siege Tank  
  193  16:13  Viking  
  193  16:23  Siege Tank  
  188  16:35  Siege Tank  
  188  16:36  Siege Tank  
  188  16:39  Siege Tank  
  179  16:48  Hellion x2  
  183  16:56  Hellion  
  179  17:05  Siege Tank x2  
  169  17:25  Hellion x2  
  169  17:28  Siege Tank x3  
  176  17:33  Orbital Command  
  176  17:42  Siege Tank x2  
  177  18:00  Siege Tank x2  
  177  18:05  Siege Tank  
  148  18:14  Siege Tank x2  
  152  18:21  Hellion  
  154  18:29  Hellion x2  
  154  18:32  Siege Tank  
  154  18:33  Siege Tank  
  164  18:43  Hellion  
  164  18:44  Hellion, Siege Tank  
  164  18:46  Hellion, Siege Tank  
  176  18:50  Hellion  
  176  18:51  Hellion  
  178  18:59  Viking x2  
  182  19:05  Hellion x2  
  182  19:08  Hellion  
  182  19:09  Hellion  
  190  19:18  Viking x2  
  194  19:29  Viking x2  
  196  19:31  Siege Tank  
  199  19:50  Hellion  
  197  19:57  Refinery x2  
  197  20:03  Command Center  
Show
View Real Time Build Order
Export as new Build Order

TOP Terran 

Build Orders: Bio Tank, MMM Bio 

Get SALT Encoding   

  12  0:01  SCV  
  13  0:13  SCV  
  14  0:18  Supply Depot  
  14  0:25  SCV  
  15  0:39  SCV  
  15  0:40  Barracks  
  16  0:44  Refinery  
  16  0:51  SCV  
  17  1:01  Barracks  
  17  1:03  SCV  
  18  1:15  SCV  
  19  1:28  Orbital Command  
  19  1:29  Reaper  
  20  1:34  Supply Depot  
  20  1:49  Reaper  
  20  1:54  SCV  
  22  2:06  SCV  
  22  2:07  Reaper  
  24  2:16  Command Center  
  24  2:20  Refinery  
  24  2:22  SCV  
  25  2:24  Marine  
  26  2:34  SCV  
  27  2:39  Marine  
  28  2:45  Marine  
  28  2:47  SCV, Factory  
  28  2:49  Supply Depot  
  31  3:06  SCV, Barracks Tech Lab  
  31  3:11  Marine  
  32  3:22  SCV  
  33  3:28  Marine  
  33  3:32  Orbital Command  
  34  3:34  SCV  
  34  3:36  Cyclone  
  34  3:39  Marine  
  39  3:44  Supply Depot  
  39  3:46  SCV, Marine  
  41  3:49  Starport  
  41  3:56  Marine  
  41  3:58  SCV  
  41  3:59  SCV  
  44  4:08  Siege Tank  
  47  4:10  SCV  
  47  4:12  Supply Depot  
  47  4:16  Marine x2  
  50  4:18  SCV  
  50  4:20  Refinery  
  51  4:25  Viking  
  51  4:30  SCV x2  
  55  4:34  Supply Depot, Marine  
  55  4:35  Marine  
  57  4:42  SCV  
  58  4:48  Siege Tank  
  58  4:50  Supply Depot  
  58  4:51  SCV  
  62  4:54  SCV  
  62  4:55  Medivac  
  62  4:56  Marine  
  66  5:03  SCV  
  66  5:06  SCV  
  68  5:09  Supply Depot  
  68  5:10  Barracks Tech Lab  
  68  5:18  Engineering Bay  
  68  5:24  SCV x2  
  68  5:25  Medivac  
  75  5:28  Siege Tank  
  75  5:29  Marine x2  
  77  5:36  SCV x2, Stimpack  
  79  5:47  Supply Depot, Marine x2  
  79  5:48  SCV x2  
  83  6:05  Marine x2  
  85  6:13  Terran Infantry Weapons Level 1, Command Center  
  85  6:14  Starport Reactor  
  85  6:18  Barracks x2  
  85  6:22  Missile Turret x2, Marine  
  85  6:23  Marine  
  87  6:28  Siege Tank  
  90  6:37  Barracks  
  90  6:39  SCV  
  90  6:40  Marine x2  
  90  6:43  Refinery  
  92  6:58  Marine  
  92  7:00  Barracks Tech Lab, Siege Tank  
  89  7:10  Supply Depot  
  89  7:11  Barracks Tech Lab  
  89  7:12  Supply Depot, Viking x2  
  89  7:13  Barracks Reactor  
  92  7:23  Marauder x2  
  92  7:26  Orbital Command  
  96  7:30  Barracks Tech Lab  
  96  7:35  Supply Depot, Starport  
  96  7:38  Marauder  
  96  7:42  Viking x2  
  102  7:46  Orbital Command  
  102  7:49  Marauder x2  
  106  7:52  Supply Depot  
  106  7:54  Marine x2  
  108  8:03  Marauder  
  108  8:04  Concussive Shells  
  108  8:05  Supply Depot  
  110  8:11  SCV x2  
  110  8:12  SCV, Viking x2  
  117  8:15  Starport Reactor  
  117  8:16  Supply Depot  
  117  8:24  Refinery  
  117  8:27  Refinery  
  117  8:30  Marauder, Marine x2  
  117  8:33  Marauder, Marine x2  
  125  8:43  SCV x3  
  125  8:48  Siege Tank, Marine x2  
  132  8:49  Factory  
  132  8:55  SCV x3, Terran Infantry Armor Level 1  
  135  8:57  Engineering Bay  
  135  9:01  Marine  
  135  9:02  Armory, Marine  
  138  9:04  Marine  
  138  9:07  SCV x3  
  138  9:08  Marauder, Marine  
  145  9:11  Marine  
  145  9:15  Combat Shields  
  146  9:19  Marine  
  146  9:20  Medivac x2  
  146  9:24  Marauder  
  153  9:28  Marine  
  153  9:29  Marine, Marauder  
  157  9:31  Marine  
  157  9:35  SCV x2  
  157  9:36  Factory Tech Lab  
  160  9:39  Supply Depot  
  160  9:47  Supply Depot  
  160  9:49  Supply Depot, Marauder, Marine x2  
  160  9:50  Marine  
  165  10:00  Marine  
  165  10:01  Marauder, Medivac x2  
  172  10:07  Marine  
  172  10:09  Marauder, Marine  
  172  10:10  Marine  
  176  10:22  Marine, Medivac, Marauder  
  176  10:25  Marine  
  176  10:28  Marine  
  182  10:29  Marauder  
  182  10:30  Marine  
  186  10:40  Marauder  
  187  10:42  Marine  
  187  10:43  Marine  
  187  10:47  Terran Infantry Weapons Level 2  
  189  10:52  Marine x2  
  189  10:53  Marauder, Terran Infantry Armor Level 2  
  189  10:54  Supply Depot  
  189  10:55  Supply Depot  
  192  11:00  Marine x2  
  192  11:02  Marauder  
  183  11:10  Marine  
  183  11:11  Marauder  
  165  11:14  Marine  
  165  11:18  Marine x2  
  155  11:23  Marauder  
  151  11:28  Marine  
  151  11:32  Marauder, Medivac, Marine  
  155  11:33  Medivac x2  
  155  11:35  Medivac  
  155  11:36  Marauder, Marine  
  166  11:44  Marauder  
  166  11:46  Marine  
  165  11:50  Marauder  
  165  11:53  Marine  
  168  11:54  Marine  
  168  11:58  Marauder  
  171  12:04  Marine  
  171  12:05  Marine  
  173  12:11  Marauder, Marine  
  173  12:12  Marine  
  175  12:19  Marine  
  175  12:22  Marine  
  159  12:23  Liberator, Marine  
  159  12:24  Liberator  
  159  12:29  Marine x2  
  158  12:32  Marine  
  158  12:36  Marine  
  167  12:39  Marine  
  167  12:40  Viking x2  
  167  12:41  Marine  
  167  12:43  Command Center  
  173  12:47  Marine x2  
  173  12:50  Marine  
  176  12:53  Liberator  
  176  12:54  Command Center, Marine  
  176  12:57  Marine  
  171  13:02  Marine  
  171  13:04  Marine  
  171  13:05  Marine  
  169  13:07  Missile Turret, Liberator  
  169  13:08  Marine  
  169  13:12  Marine  
  172  13:15  Marine  
  169  13:20  Marine  
  169  13:22  Marine  
  169  13:23  Marine  
  169  13:24  Viking  
  169  13:26  Marine  
  178  13:30  Marine  
  178  13:33  Viking, Marine  
  182  13:36  Liberator  
  182  13:37  Liberator  
  182  13:38  Marine  
  182  13:40  Marine  
  182  13:41  Marine  
  185  13:44  Marine  
  185  13:48  Marine  
  187  13:51  Marine  
  194  13:56  Marauder  
  194  13:58  Marine  
  194  13:59  Marine  
  194  14:02  Marauder  
  200  14:06  Marauder  
  200  14:07  Viking x2  
  200  14:17  Orbital Command  
  200  14:18  Orbital Command  
  200  14:29  Terran Infantry Weapons Level 3  
  191  15:22  Marauder x3, Marine  
  198  15:38  Marauder, Marine  
  194  15:57  Barracks x3  
  194  16:02  Marauder, Marine x3  
  194  16:03  Marauder x2  
  193  16:04  Terran Infantry Armor Level 3  
  186  16:20  Marine x2  
  186  16:21  Marauder  
  186  16:24  Marauder x3  
  160  16:38  Marine x2  
  141  16:42  Marauder  
  141  16:44  Barracks Tech Lab x3  
  141  16:45  Marauder x2, Marine  
  146  16:51  Terran Ship Weapons Level 1  
  146  16:55  Marine  
  146  16:56  Marine  
  147  17:03  Marauder  
  147  17:04  Marauder  
  147  17:06  Marine  
  147  17:07  Marine, Marauder  
  147  17:08  Marauder, Marine  
  141  17:11  Command Center  
  141  17:13  Marine x2  
  141  17:14  Orbital Command  
  119  17:21  Orbital Command  
  115  17:24  Marine  
  115  17:25  Marine, Marauder x2  
  115  17:26  Marauder  
  115  17:27  Marine  
  115  17:29  Marauder  
  126  17:31  Marine x2  
  126  17:35  Medivac  
  127  17:42  Marauder  
  127  17:43  Marine  
  130  17:45  Marine  
  130  17:46  Marauder x2  
  130  17:47  Marauder  
  130  17:49  Marine x2  
  130  17:50  Marine  
  119  18:02  Marauder  
  119  18:03  Marine  
  119  18:04  Marauder  
  106  18:07  Marine x3  
  106  18:08  Marine x2, Marauder  
  82  18:20  Orbital Command  
  82  18:21  Marine  
  82  18:23  Marauder  
  82  18:25  Orbital Command, Marine x2  
  80  18:40  Viking x2  
  77  18:48  Marauder, Marine x3  
  80  18:50  Orbital Command  
  78  19:06  Viking  
  75  19:11  Marine x2  
  75  19:12  Marauder  
  79  19:18  Orbital Command  
  79  19:23  Marauder, Marine  
  81  19:33  Marauder  
  75  19:41  Marauder  
  76  19:54  Marine  
Tags
 
Add a new tag
Caveats
  • Supply blocks, unpowered buildings, or Contaminate may cause inaccurate times.
  • Supply counts are checked every 10 seconds.